 Dungeon Crawl Stone Soup version 0.23-a0-677-g07611c5 (webtiles) character file.

602 Geeful the Chiller (level 7, -6/43 HPs)
             Began as an Octopode Ice Elementalist on Jan 9, 2019.
             Was an Initiate of Nemelex Xobeh.
             Mangled by a wyvern zombie (10 damage)
             ... on level 5 of the Dungeon.
             The game lasted 00:21:08 (5203 turns).

Geeful the Chiller (Octopode Ice Elementalist)      Turns: 5203, Time: 00:21:08

Health: -6/43      AC:  1    Str:  7    XL:     7   Next: 41%
Magic:  7/13       EV: 15    Int: 22    God:    Nemelex Xobeh [......]
Gold:   108        SH:  0    Dex: 12    Spells: 8/14 levels left

rFire    + . .     SeeInvis .   p - +4 spear
rCold    . . .     Gourm    .   (no shield)
rNeg     . . .     Faith    .   (helmet restricted)
rPois    .         Spirit   .   (no amulet)
rElec    .         Reflect  .   (no ring)
rCorr    .         Harm     .   (no ring)
MR       .....                  (no ring)
Stlth    +++.......             (no ring)
HPRegen  0.14/turn              (no ring)
MPRegen  0.13/turn              (no ring)
                                (no ring)
                                (no ring)

@: very slightly contaminated
A: almost no armour, stealthy swim, amphibious, 8 rings, constrict 8, camouflage
1, clever 1, fire resistance 1, gelatinous body 1
a: Draw Escape, Draw Destruction, Draw Summoning, Renounce Religion


You were on level 5 of the Dungeon.
You worshipped Nemelex Xobeh.
Nemelex Xobeh was noncommittal.
You were not hungry.

You visited 1 branch of the dungeon, and saw 5 of its levels.

You collected 108 gold pieces.

Inventory:

Hand Weapons
 p - a +4 spear (weapon)
Wands
 f - a wand of paralysis (2)
 m - a wand of polymorph (6)
Scrolls
 a - 5 scrolls of remove curse
 d - a scroll of immolation
 e - 6 scrolls of teleportation
 g - a scroll of enchant weapon
 h - 2 scrolls of magic mapping
 j - a scroll of blinking
 k - a scroll of fear
 o - a scroll of amnesia {unknown}
Potions
 c - a potion of brilliance
 i - a potion of heal wounds
 l - a potion of mutation
 n - a potion of berserk rage {unknown}
 q - a potion of cancellation {unknown}
Comestibles
 b - 9 rations


   Skills:
 - Level 1.6 Fighting
 + Level 4.2 Dodging
 - Level 4.1 Stealth
 + Level 4.0 Spellcasting
 - Level 1.0 Conjurations
 + Level 4.8 Ice Magic
 + Level 2.2 Invocations


You had 8 spell levels left.
You knew the following spells:

 Your Spells              Type           Power        Failure   Level  Hunger
a - Freeze                Ice            ####         1%          1    None
b - Throw Frost           Conj/Ice       ###...       4%          2    #......
c - Ozocubu's Armour      Chrm/Ice       ###.....     12%         3    ###....

Your spell library contained the following spells:

 Spells                   Type           Power        Failure   Level  Hunger
 Throw Icicle             Conj/Ice       ###.....     32%         4    ####...
 Summon Ice Beast         Ice/Summ       ###.....     38%         4    ####...


Dungeon Overview and Level Annotations

Branches:
Dungeon (5/15)             Temple (0/1) D:4

Altars:
Ashenzari
Nemelex Xobeh
Sif Muna
Trog
Vehumet
Xom
Yredelemnul
Zin


Innate Abilities, Weirdness & Mutations

You cannot wear most types of armour.
You are very stealthy in the water. (Stealth+)
You are amphibious.
You can wear up to eight rings at the same time.
You can use your tentacles to constrict eight enemies at once.
Your skin changes colour to match your surroundings (Stealth+).
Your rubbery body absorbs attacks. (AC +1, EV +1)
Your mind is acute. (Int +2)
Your flesh is heat resistant. (rF+)


Message History

The wyvern zombie is severely damaged.
The wyvern zombie misses you. The wyvern zombie bites you!
* * * LOW HITPOINT WARNING * * *
Casting: Throw Frost (safe; 4% risk of failure)
Confirm with . or Enter, or press ? or * to list all spells.
Aiming: Freeze (safe; 1% risk of failure)
Press: ? - help, Shift-Dir - straight line, f/p - wyvern zombie
Aim: a wyvern zombie (severely damaged)
You freeze the wyvern zombie.
The wyvern zombie completely resists.
The wyvern zombie closely misses you.
Casting: Freeze (safe; 1% risk of failure)
Confirm with . or Enter, or press ? or * to list all spells.
Aiming: Freeze (safe; 1% risk of failure)
Press: ? - help, Shift-Dir - straight line, f/p - wyvern zombie
Aim: a wyvern zombie (severely damaged)
You freeze the wyvern zombie.
The wyvern zombie resists.
The wyvern zombie is severely damaged.
The wyvern zombie bites you!
You die...
Your body disappears without a glow.

#w. #.# ########.####
#######...?.......#### #.
......#.#.#........... #.
#.....##.. ......# #.
#...#(# #.##.....#
#.####...#.####.)....#
#.#.....@Z......#...##
#.#....)##......##.......
#.#......#≈≈..≈≈#....####
#..###...#.)P.^.#.#....
##.# #.[.#P≈...### ......
#.# #...##≈≈.P# o.####
#.# ##.###...P# .o. #.#
#.# ##..≈# .... #.####.#
#..P#


You could see a wyvern zombie.

Vanquished Creatures
  A centaur (D:5)
  A scorpion (D:5)
  An orc priest (D:5)
  A hound (D:4)
  An iguana (D:5)
  Ijyb (D:4)
  Terence (D:2)
  2 orc wizards
  A hound skeleton (D:4)
  6 adders
  An ooze (D:2)
  An adder skeleton (D:4)
  2 dart slugs
  3 leopard geckos
  11 orcs
  2 ball pythons (D:3)
  4 giant cockroaches
  12 hobgoblins
  8 jackals (D:2)
  6 kobolds
  4 bats (D:1)
  5 frilled lizards
  5 goblins
  2 leopard gecko skeletons
  A quokka skeleton (D:4)
  11 rats
94 creatures vanquished.

Vanquished Creatures (collateral kills)
  Duvessa (D:4)
  Dowan (D:4)
2 creatures vanquished.

Grand Total: 96 creatures vanquished

Notes
Turn   | Place    | Note
-------+----------+-------------------------------------------
     0 | D:1      | Geeful the Octopode Ice Elementalist began the quest for
                  | the Orb.
     0 | D:1      | Reached XP level 1. HP: 11/11 MP: 3/3
   140 | D:1      | Reached XP level 2. HP: 8/17 MP: 0/5
  1017 | D:1      | Reached XP level 3. HP: 20/21 MP: 6/6
  1196 | D:1      | Found a shattered altar of Ashenzari.
  2003 | D:2      | Noticed Terence
  2027 | D:2      | Gained mutation: Your flesh is heat resistant. (rF+)
                  | [potion of mutation]
  2027 | D:2      | Gained mutation: Your mind is acute. (Int +2) [potion of
                  | mutation]
  2306 | D:1      | Learned a level 2 spell: Throw Frost
  2310 | D:1      | Learned a level 3 spell: Ozocubu's Armour
  2344 | D:2      | Killed Terence
  2344 | D:2      | Reached XP level 4. HP: 23/27 MP: 2/7
  2942 | D:2      | Found a deep blue altar of Sif Muna.
  3203 | D:2      | Reached XP level 5. HP: 29/31 MP: 6/9
  3698 | D:3      | Found a basalt altar of Yredelemnul.
  3742 | D:3      | Reached skill level 1 in Fighting
  3825 | D:3      | Found a radiant altar of Vehumet.
  4015 | D:4      | Found a bloodstained altar of Trog.
  4058 | D:4      | Found a sparkling altar of Nemelex Xobeh.
  4063 | D:4      | Found a glowing silver altar of Zin.
  4063 | D:4      | Found a shimmering altar of Xom.
  4115 | D:4      | Became a worshipper of Nemelex Xobeh the Trickster
  4171 | D:4      | Received a gift from Nemelex Xobeh
  4180 | D:4      | Noticed Ijyb
  4282 | D:4      | Killed Ijyb
  4282 | D:4      | Reached XP level 6. HP: 38/38 MP: 2/10
  4392 | D:4      | Noticed Dowan
  4393 | D:4      | Noticed Duvessa
  4604 | D:4      | Found a staircase to the Ecumenical Temple.
  4796 | D:4      | Killed Duvessa
  4796 | D:4      | Reached skill level 1 in Invocations
  4802 | D:4      | Killed Dowan
  4833 | D:5      | Entered Level 5 of the Dungeon
  4865 | D:5      | Reached XP level 7. HP: 15/43 MP: 7/12
  5203 | D:5      | Mangled by a wyvern zombie

Vault maps used:
D:1:      psy_arrival_radial01, ashenzari_altar_1
D:2:      lemuel_crystal_altar, bh_walls_and_bars, uniq_terence
D:3:      cheibrodos_helix_gallery, fiery_altar_vehumet,
          lemuel_coloured_pillars_altar
D:4:      grunt_temple_overflow_open, temple_hall, uniq_duvessa, uniq_ijyb
D:5:      kennysheep_steamy, gammafunk_ghost_nasty_kobolds, first_ration,
          serial_bayou_pond_a

Skill      XL: |  1  2  3  4  5  6  7 |
---------------+----------------------+-----
Stealth        | 3 4 |  4.1
Dodging        | 3 4 |  4.2
Spellcasting   | 3 4 |  4.0
Fighting       | 1 |  1.6
Ice Magic      | 4 |  4.8
Invocations    | 1 2 |  2.2
Conjurations   | |  1.0

Action                   |  1- 3 |  4- 6 |  7- 9 || total
-------------------------+-------+-------+-------++-------
Melee: Unarmed           |    17 |       |       ||    17
       Tentacles         |    10 |     8 |     1 ||    19
       Constrict         |    23 |    33 |     7 ||    63
       Dagger            |    69 |   100 |       ||   169
       Spear             |       |     8 |    34 ||    42
 Cast: Freeze            |    17 |    23 |     4 ||    44
       Throw Frost       |       |     2 |     1 ||     3
       Ozocubu's Armour  |       |     1 |     1 ||     2
 Abil: Draw Destruction  |       |     6 |     3 ||     9
       Draw Summoning    |       |     1 |       ||     1
  Use: Scroll            |    10 |     4 |       ||    14
       Potion            |     2 |       |       ||     2
 Stab: Sleeping          |    10 |    11 |     3 ||    24
  Eat: Chunk             |     3 |     3 |     1 ||     7
       Ration            |     1 |     1 |       ||     2
Armor: Skin              |    26 |    16 |     1 ||    43
Dodge: Dodged            |    60 |    65 |    18 ||   143

Table legend:
 A = Non-vault XP
 B = Vault XP
 C = Vault XP percentage of total XP
 D = Non-vault monster count
 E = Vault monster count
 F = Vault count percentage of total count
                 A         B        C        D         E       F
            +---------+---------+-------+---------+---------+-------
      Total |     626 |     235 |  27.3 |      90 |       6 |   6.2
            +---------+---------+-------+---------+---------+-------
        D:1 |      48 |       0 |   0.0 |      29 |       0 |   0.0
        D:2 |     100 |      36 |  26.5 |      28 |       1 |   3.4
        D:3 |      71 |       5 |   6.6 |      13 |       2 |  13.3
        D:4 |     131 |     194 |  59.7 |      12 |       3 |  20.0
        D:5 |     276 |       0 |   0.0 |       8 |       0 |   0.0
            +---------+---------+-------+---------+---------+-------
